 Dungeon Crawl Stone Soup version 0.28-a0-472-g50180c0d78 (webtiles) character file.

Game seed: 13945952208420686399

388 Dabor the Bolt Thrower (level 7, -1/54 HPs)
             Began as a Formicid Hunter on Sept 14, 2021.
             Was an Initiate of Gozag.
             Slain by a sixfirhy (11 damage)
             ... summoned by Xom
             ... on level 4 of the Dungeon on Sept 15, 2021.
             The game lasted 00:11:57 (4175 turns).

Dabor the Bolt Thrower (Formicid Hunter)            Turns: 4175, Time: 00:11:58

Health: -1/54      AC:  6    Str: 16      XL:     7   Next: 7%
Magic:  7/7        EV: 11    Int: 11      God:    Gozag
Gold:   174        SH:  0    Dex: 12 (13) Spells: 6/6 levels left

rFire   . . .      SeeInvis +   a - +1 hand crossbow
rCold   . . .      Faith    .   (no shield)
rNeg    . . .      Spirit   .   m - +0 ring mail
rPois   .          Reflect  .   (helmet unavailable)
rElec   .          Harm     .   (no cloak)
rCorr   .          Rampage  .   (no gloves)
Will    .....                   f - +0 pair of boots
Stlth   ++........              (no amulet)
HPRegen 0.18/turn               (no ring)
MPRegen 0.10/turn               (no ring)

@: no status effects
A: permanent stasis, dig shafts and tunnels, antennae 3, four strong arms
a: Dig, Shaft Self, Renounce Religion, Potion Petition, Call Merchant, Bribe
Branch


You were on level 4 of the Dungeon.
You worshipped Gozag.
Gozag was aware of your devotion.
You visited 2 branches of the dungeon, and saw 5 of its levels.
You also visited: Sewer.

You collected 233 gold pieces.
You paid 59 gold pieces to Gozag.

Inventory:

Hand Weapons
 a - a +1 hand crossbow (weapon)
 n - a +3 dagger
Missiles
 d - 21 bolts (quivered ammo)
 e - 8 datura-tipped darts
Armour
 c - a +0 leather armour
 f - a +0 pair of boots (worn)
 m - a +0 ring mail (worn)
Scrolls
 i - 3 scrolls of identify {unknown}
Potions
 b - a potion of degeneration {unknown}
 g - 2 potions of curing {unknown}
 h - a potion of haste {unknown}
 j - a potion of might {unknown}
 k - 2 potions of berserk rage {unknown}
 l - a potion of brilliance {unknown}


   Skills:
 + Level 4.2 Fighting
 + Level 5.1 Crossbows
 + Level 3.5 Dodging
 + Level 4.4 Stealth


You had 6 spell levels left.
You didn't know any spells.
Your spell library contained the following spells:

 Spells                   Type           Power      Damage    Failure   Level
 Animate Skeleton         Necr           0%         N/A       56%         1
 Pain                     Necr           0%         1d4       56%         1
 Vampiric Draining        Necr           0%         2d6       90%         3


Dungeon Overview and Level Annotations

Branches:
Dungeon (4/15)             Temple (1/1) D:4           Sewer (visited)

Altars:
Ashenzari
Cheibriados
Dithmenos
Elyvilon
Fedhas
Gozag
Hepliaklqana
Kikubaaqudgha
Nemelex Xobeh
Okawaru
Qazlal
Ru
Sif Muna
Trog
Uskayaw
Vehumet
Wu Jian
Xom
Yredelemnul
Zin
The Shining One

Shops:
D:2 [(?   D:3 [?


Innate Abilities, Weirdness & Mutations

You cannot be hasted, slowed, berserked, paralysed or teleported.
You can dig through walls and to a lower floor.
You have a pair of large antennae on your head. (SInv)
Your four strong arms can wield two-handed weapons with a shield.


Message History

d - 21 bolts (gained 1)
A ball python is nearby!
You shoot a bolt. The ball python hisses angrily.
The bolt hits the ball python.
The ball python is severely wounded.
No target in view!
You shoot a bolt. The bolt hits the ball python!
You kill the ball python!
You now have 174 gold pieces (gained 3).
d - 20 bolts (gained 1)
d - 21 bolts (gained 1)
You see here a +0 giant spiked club.
You start resting.
HP restored.
You open the door.
There is an open door here. "Let's see if it's strong enough to survive yet."
As you open the door, it creaks loudly! The ufetubus closely misses you. x2
The quasit bites you but does no damage.
The quasit claws you but does no damage.
The quasit closely misses you. The shadow imp hits you.
The soul eater draws from the surrounding life force!
The quasit misses you.
The quasit claws you but does no damage.
The quasit claws you.
You feel clumsy. The shadow imp hits you.
The ufetubus hits you but does no damage. x2
There is an open door here.
The sixfirhy closely misses you. The sixfirhy hits you.
The sixfirhy shocks you! The sixfirhy misses you.
The white imp shouts, "Scamper away, thou spongy half-faced codpiece!"
The sixfirhy hits you!
* * * LOW HITPOINT WARNING * * *
The sixfirhy shocks you!
You die...
Your body crumbles into a pile of gold.

#.{.5...# #.# {
#55535..# #.#
.{..{##3#3#5# #.#
..... #.#.#4#### #.#
..... #...4....#
#.### ...
#..3.....######.#..
#...............#.#
#........########.#
#....3@..'...# .#
#........###.# .#
#............####.#
##................###
#######..<#.######..
............>.......
########.).......#.
#.........#
#.........# #


You could see a soul eater (summoned), 2 sun demons, 2 rust devils, a sixfirhy
(summoned), a ynoxinul (summoned), a shadow imp (summoned) and 2 ufetubi.

Vanquished Creatures
  A water moccasin (Sewer)
  An ogre (D:4)
  An orc wizard (D:4)
  7 adders
  An ufetubus (D:4)
  2 worms
  A dart slug (D:1)
  8 orcs
  4 bats
  An endoplasm (D:3)
  9 giant cockroaches
  8 goblins
  8 hobgoblins
  5 jackals
  9 quokkas
  7 ball pythons
  3 frilled lizards
  8 kobolds
  7 rats
91 creatures vanquished.

Vanquished Creatures (others)
  2 plants (D:2)
  A withered plant (D:2)
3 creatures vanquished.

Grand Total: 94 creatures vanquished

Notes
Turn   | Place    | Note
-------+----------+-------------------------------------------
     0 | D:1      | Dabor the Formicid Hunter began the quest for the Orb.
     0 | D:1      | Reached XP level 1. HP: 16/16 MP: 1/1
   150 | D:1      | Reached XP level 2. HP: 23/23 MP: 2/2
   624 | D:2      | Found Lewir's Antique Weapon Boutique.
   626 | D:2      | Reached XP level 3. HP: 28/28 MP: 3/3
   630 | D:2      | Found Ibiono's Magic Scroll Emporium.
   634 | D:2      | Found Ylibbidu's Armour Boutique.
  1224 | D:2      | Reached XP level 4. HP: 34/34 MP: 4/4
  1521 | D:2      | Found a faded altar of an unknown god.
  1554 | D:2      | Became a worshipper of Xom of Chaos
  1762 | D:3      | XOM: noise
  1908 | D:3      | Found Xuaxt's Magic Scroll Shoppe.
  1930 | D:3      | Found Cekaz's Armour Shoppe.
  1956 | D:3      | Reached XP level 5. HP: 41/41 MP: 5/5
  2108 | D:3      | XOM: divination: magic mapping
  2227 | D:3      | XOM: silly message
  2293 | D:3      | XOM: potion effect (curing)
  2411 | D:3      | XOM: silly message
  2588 | D:4      | Noticed an orc warrior
  2589 | D:4      | XOM: potion effect (invisibility)
  3024 | D:4      | Found a glowing drain.
  3070 | Sewer    | Entered a sewer
  3171 | Sewer    | Noticed a water moccasin
  3185 | Sewer    | Killed a water moccasin
  3186 | Sewer    | Reached skill level 5 in Crossbows
  3186 | Sewer    | Reached XP level 6. HP: 13/48 MP: 6/6
  3490 | Sewer    | XOM: silly message
  3609 | D:4      | XOM: silly message
  3679 | D:4      | Found a staircase to the Ecumenical Temple.
  3686 | Temple   | Entered the Ecumenical Temple
  3722 | Temple   | Fell from the grace of Xom
  3722 | Temple   | Became a worshipper of Gozag Ym Sagoz the Greedy
  3970 | D:4      | Noticed an ogre
  3978 | D:4      | Killed an ogre
  3979 | D:4      | Reached XP level 7. HP: 29/54 MP: 7/7
  4166 | D:4      | XOM: summons 14 hostile demons
  4167 | D:4      | Noticed a ynoxinul
  4167 | D:4      | Noticed a rust devil
  4167 | D:4      | Noticed a sixfirhy
  4167 | D:4      | Noticed a sun demon
  4167 | D:4      | Noticed a soul eater
  4167 | D:4      | Noticed a sun demon
  4167 | D:4      | Noticed a rust devil
  4175 | D:4      | Slain by a sixfirhy

Illustrated notes

Levels and vault maps discovered:
D:1:      minmay_arrival_loop, layout_basic
D:2:      layout_loops_ring, serial_shops, shop, shop, shop,
          shapermc_ecumenical_altar_flowoftime, chequers_serial_rivers_micro_d
D:3:      minmay_razor_zed, layout_basic, serial_shops, shop, shop
D:4:      layout_basic, overflow_temple_1_default, temple_doors_e,
          gup_sewer_entry_pipe, uniq_eustachio, uniq_sigmund
Temple:   nicolae_temple_the_god_donut

Skill      XL: |  1  2  3  4  5 |
---------------+----------------+-----
Dodging        | 2 3 |  3.5
Stealth        | 2 3 4 |  4.4
Fighting       | 3 4 |  4.2
Crossbows      | 5 |  5.1

Action                   |  1- 3 |  4- 6 |  7- 9 || total
-------------------------+-------+-------+-------++-------
Melee: Hand crossbow     |       |     9 |       ||     9
       Dagger            |       |    54 |       ||    54
 Fire: Hand crossbow     |    58 |   131 |     2 ||   191
  Use: Scroll            |     4 |     1 |       ||     5
 Stab: Sleeping          |       |     1 |       ||     1
Armor: Leather armour    |     3 |    14 |       ||    17
       Ring mail         |       |     2 |     5 ||     7
Dodge: Dodged            |     4 |    69 |     6 ||    79

Table legend: (Time is in decaauts)
 A = Elapsed time spent in this place.
 B = Non-inter-level travel time spent in this place.
 C = Inter-level travel time spent in this place.
 D = Time resting spent in this place.
 E = Time spent auto-exploring this place.
 F = Levels seen in this place.
 G = Mean time per level.
                   A        B        C        D        E       F      G
               +--------+--------+--------+--------+--------+-----+--------+
         Total |   4250 |   4088 |    162 |    722 |   2399 |   6 |  708.3 |
       Dungeon |   3530 |   3377 |    153 |    448 |   2128 |   4 |  882.5 |
        Temple |    240 |    231 |      9 |      0 |    184 |   1 |  240.0 |
         Sewer |    478 |    478 |      0 |    274 |     87 |   1 |  478.0 |
               +--------+--------+--------+--------+--------+-----+--------+

Top non-repeatable levels by time:
     D:3: 1241 daAuts
     D:2: 1160 daAuts
     D:1: 631 daAuts
     D:4: 497 daAuts
   Sewer: 478 daAuts
  Temple: 240 daAuts
